 Dungeon Crawl Stone Soup version 0.21.1-1-g345015fe64 (webtiles) character file.

809 Gargoyl the Skirmisher (level 7, -2/60 HPs)
             Began as a Centaur Abyssal Knight on July 3, 2018.
             Was a Priest of Lugonu.
             Slain by a bullfrog skeleton (5 damage)
             ... on level 6 of the Dungeon.
             The game lasted 00:08:04 (6124 turns).

Gargoyl the Skirmisher (Centaur Abyssal Knight)     Turns: 6124, Time: 00:08:05

Health: -2/60      AC: 10    Str: 15    XL:     7   Next: 61%
Magic:  10/10      EV:  3    Int: 11    God:    Lugonu [***...]
Gold:   276        SH:  2    Dex: 10    Spells: 6/6 levels left

rFire    . . .     SeeInvis .   a - +3 hand axe
rCold    . . .     Gourm    .   (no shield)
rNeg     . . .     Faith    .   u - +0 plate armour
rPois    +         Spirit   .   (no helmet)
rElec    .         Reflect  +   (no cloak)
rCorr    .         Harm     .   f - +0 pair of gloves
MR       .....                  (no barding)
Stlth    ..........             e - +2 amulet of reflection
HPRegen  0.20/turn              o - ring of flight
MPRegen  0.12/turn              j - ring of poison resistance

@: very quick
A: large, hooves 3, deformed body, speed 2, tough skin 3
a: Depart the Abyss, Bend Space, Banish, Renounce Religion, Evoke Flight


You were on level 6 of the Dungeon.
You worshipped Lugonu.
Lugonu was most pleased with you.
You were not hungry.

You visited 1 branch of the dungeon, and saw 6 of its levels.
You visited the Abyss 1 time.

You collected 276 gold pieces.

Inventory:

Hand Weapons
 a - a +3 hand axe (weapon)
 k - a +1 falchion of slicing
Missiles
 q - a tomahawk (quivered)
Armour
 f - a +0 pair of gloves (worn)
 u - a +0 plate armour (worn)
Jewellery
 e - a +2 amulet of reflection (around neck)
 j - a ring of poison resistance (right hand)
 o - a ring of flight (left hand)
Wands
 s - a wand of clouds (5)
Scrolls
 b - a scroll of remove curse
 l - 4 scrolls of identify
 p - 3 scrolls of teleportation
Potions
 d - a potion of heal wounds
 g - a potion of flight
 h - 2 potions of invisibility
 m - 3 potions of curing
 n - a potion of haste
 r - a potion of might
Books
 t - a book of Changes

   Spells                             Type                      Level
   a - Beastly Appendage              Transmutation                1
   b - Sticks to Snakes               Transmutation                2
   c - Spider Form                    Transmutation/Poison         3
   d - Ice Form                       Ice/Transmutation            4
   e - Blade Hands                    Transmutation                5
Comestibles
 c - 10 rations


   Skills:
 + Level 4.6 Fighting
 + Level 4.4 Axes
 * Level 3.5 Armour
 + Level 2.1 Dodging
 * Level 4.3 Invocations


You had 6 spell levels left.
You didn't know any spells.

Dungeon Overview and Level Annotations

Branches:
Dungeon (6/15)             Temple (0/1) D:4

Altars:
Ashenzari

Annotations:
D:3 2 transporters, Tali's ghost, amateur MiFi


Innate Abilities, Weirdness & Mutations

You have hooves in place of feet.
Armour fits poorly on your strangely shaped body.
You cover ground very quickly.
You have extremely tough skin. (AC +3)


Message History

* * * LOW HITPOINT WARNING * * *
You hit the ice beast.
The ice beast is severely wounded.
The ice beast hits you but does no damage. x2
You barely miss the ice beast.
The ice beast is severely wounded.
The ice beast hits you but does no damage.
You hit the ice beast. You kick the ice beast.
The ice beast is almost dead.
The ice beast hits you but does no damage.
You hit the ice beast.
You kill the ice beast!
Lugonu accepts your kill.
Found a stone staircase leading up.
A bullfrog skeleton comes into view.
A bullfrog comes into view.
The bullfrog gives a loud, deep croak!
A bullfrog is nearby!
The bullfrog skeleton hits you.
You die...

..# ################# #.#
..#.............# #.# #.#.#
#.......#.# #.# #.#.#
#.......#.# #.# #F#.#
#.......#.# #.# #.#.#
#.....?.#.# #.#
##.#.##F#.###......)#.###.#
..........@........[.......
##.#<.#.#Z###......(#.###.#
## #.#.# #.......#.# #.#
..#.# #.......#.# #.#
####.# #.......#.# #.# ..#
######.##.# #.# ... #.##.#
#.# ... #.##.# ... #. .


You could see a bullfrog and a bullfrog skeleton.

Vanquished Creatures
  An ice beast (D:6)
  An orc warrior (D:6)
  A phantom (D:4)
  An ogre (D:4)
  A bullfrog (D:6)
  A scorpion (D:5)
  An orc priest (D:3)
  A bullfrog skeleton (D:5)
  3 worker ants
  8 adders
  A shadow imp (D:5)
  An ooze (D:3)
  5 worms (D:2)
  3 dart slugs
  2 leopard geckos
  9 orcs
  4 giant cockroaches
  7 goblins
  6 hobgoblins
  8 jackals
  2 quokkas (D:2)
  13 bats
  6 frilled lizards
  6 kobolds
  A quokka skeleton (D:5)
  7 rats
100 creatures vanquished.

Notes
Turn   | Place    | Note
-------+----------+-------------------------------------------
     0 | Abyss:1  | Gargoyl the Centaur Abyssal Knight began the quest for the Orb.
     0 | Abyss:1  | Reached XP level 1. HP: 19/19 MP: 2/2
   129 | Abyss:1  | Noticed an ancient zyme
   187 | Abyss:1  | Noticed a ynoxinul
   190 | Abyss:1  | Noticed an apocalypse crab
   214 | D:1      | Escaped the Abyss
   248 | D:1      | Reached * piety under Lugonu
   436 | D:1      | Reached XP level 2. HP: 26/26 MP: 3/3
  1384 | D:2      | Reached XP level 3. HP: 16/31 MP: 4/4
  1670 | D:2      | Reached skill level 1 in Dodging
  2070 | D:2      | Reached ** piety under Lugonu
  2070 | D:2      | Reached XP level 4. HP: 10/39 MP: 6/6
  2891 | D:3      | Noticed Tali's ghost (amateur MiFi)
  3342 | D:3      | Found a transporter.
  3362 | D:3      | Found a transporter.
  3579 | D:3      | Found a faded altar of an unknown god.
  3590 | D:3      | Reached XP level 5. HP: 38/46 MP: 7/7
  4086 | D:4      | Noticed a phantom
  4118 | D:4      | Killed a phantom
  4118 | D:4      | Reached XP level 6. HP: 17/52 MP: 8/8
  4599 | D:4      | Found a staircase to the Ecumenical Temple.
  4799 | D:5      | Entered Level 5 of the Dungeon
  5102 | D:5      | Reached *** piety under Lugonu
  5103 | D:5      | Found a shattered altar of Ashenzari.
  5454 | D:5      | Reached XP level 7. HP: 36/60 MP: 9/9
  6109 | D:6      | HP: 1/60 [ice beast (5)]
  6124 | D:6      | Slain by a bullfrog skeleton

Skill      XL: |  1  2  3  4  5  6  7 |
---------------+----------------------+-----
Axes           | 2 3 4 |  4.4
Dodging        | 1 2 |  2.1
Armour         | 2 3 |  3.5
Invocations    | 3 4 |  4.3
Fighting       | 4 |  4.6

Action                   |  1- 3 |  4- 6 |  7- 9 || total
-------------------------+-------+-------+-------++-------
Melee: Hand axe          |   117 |   176 |    44 ||   337
       Kick              |    15 |    42 |     5 ||    62
Throw: Tomahawk          |       |     1 |       ||     1
Invok: Depart the Abyss  |     1 |       |       ||     1
  Use: Potion            |     1 |       |     2 ||     3
       Scroll            |    10 |     4 |     1 ||    15
  Eat: Chunk             |     3 |     5 |     2 ||    10
       Ration            |       |     1 |       ||     1
Armor: Leather armour    |    87 |    41 |       ||   128
       Ring mail         |       |    18 |     9 ||    27
       Skin              |       |       |    28 ||    28
       Plate armour      |       |       |     7 ||     7
Dodge: Dodged            |    90 |    82 |     9 ||   181
Block: Other             |     8 |    10 |     7 ||    25
       Reflection        |       |     1 |       ||     1
